Stars vs Panthers

Created - 3 décembre 2017 at 22:24

Goals
1 2 3 OT1 SO T
Stars 1 0 0 0 2 2
Panthers 0 1 0 0 0 1
Shots
1 2 3 OT1 SO T
Stars 8 4 3 0 2 15
Panthers 11 8 10 3 2 32

1st period

1. Stars , Tyler Gaudet 4 (Victor Hedman 14, Sidney Crosby 8) at 16:24 (PP)

Penalties :
Zdeno Chara (DAL) for Delaying the game (Minor) at 9:26, David Perron (FLA) for High sticking (Minor) at 15:49

2nd period

2. Panthers , Jacob Trouba 7 (Blake Wheeler 17, T.J. Brodie 15) at 11:40 (PP)

Penalties :
William Nylander (DAL) for Elbowing (Minor) at 9:48, Paul Byron (DAL) for Holding (Minor) at 12:41

3rd period

No Goal

Penalties :
Blake Wheeler (FLA) for Tripping (Minor) at 0:45, Brandon Manning (DAL) for Slashing (Minor) at 3:32, Justin Braun (FLA) for Goalie Interference (Minor) at 11:43

Overtime #1

No Goal

Penalties :
No Penalty

Shootout

Penalty Shot by Sidney Crosby for Stars - Goal!
Penalty Shot by Patrik Laine for Panthers - Shot Misses the Net
Penalty Shot by Jakub Voracek for Stars - Goal!
Penalty Shot by Logan Couture for Panthers - Stopped by Jonas Gustavsson

Penalties :
No Penalty

Goalie Stats

Jonas Gustavsson (DAL), 31 saves from 32 shots - (0.969), W, 2-5-0, 65:00 minutes
Marc-Andre Fleury (FLA), 14 saves from 15 shots - (0.933), OTL, 14-8-5, 65:00 minutes

Players Stats for Stars

Player Name              G  A  P  +/- PIM S  H  SB GA TA FO     MP     PP MP  PK MP  
------------------------------------------------------------------------------------
Brandon Manning          0  0  0   0  2   0  1  2  0  0  0/0    14:23   0:00   1:02 
Devin Shore              0  0  0   0  0   1  0  0  0  0  11/18  15:07   0:00   0:55 
Duncan Keith             0  0  0   0  0   0  0  1  0  0  0/0    24:45   2:58   4:05 
Jakub Voracek            0  0  0   0  0   2  1  0  0  0  1/2    18:20   2:41   0:00 
Jason Demers             0  0  0   0  0   3  1  0  0  0  0/0    13:32   0:00   0:10 
Joel Vermin              0  0  0   0  0   0  0  0  0  0  0/0     6:38   0:00   0:00 
John Klingberg           0  0  0   0  0   0  2  0  0  0  0/0    20:53   1:35   3:36 
John Mitchell            0  0  0   0  0   0  1  0  0  0  1/3    14:12   0:00   0:00 
Jonathan Huberdeau       0  0  0   0  0   3  2  0  0  0  1/1    19:23   2:06   2:46 
Michael Bournival        0  0  0   0  0   0  0  0  0  0  0/0     6:38   0:00   0:00 
Paul Byron               0  0  0   0  2   2  3  0  0  0  0/0    18:18   1:52   2:12 
Paul Stastny             0  0  0   0  0   0  0  0  0  0  8/18   21:47   1:52   4:45 
Sidney Crosby            0  1  1   0  0   1  3  0  0  0  16/30  24:46   2:41   0:00 
Tommy Wingels            0  0  0   0  0   0  1  0  0  0  0/2    16:21   0:00   2:09 
Tyler Gaudet             1  0  1   0  0   1  0  0  0  0  0/1     3:26   0:35   2:51 
Victor Hedman            0  1  1   0  0   0  1  1  0  0  0/0    27:39   2:58   3:55 
William Nylander         0  0  0   0  2   0  1  0  0  0  3/4    17:13   1:52   0:00 
Zdeno Chara              0  0  0   0  2   2  1  4  0  0  0/0    23:46   1:35   2:50 

Players Stats for Panthers

Player Name              G  A  P  +/- PIM S  H  SB GA TA FO     MP     PP MP  PK MP  
------------------------------------------------------------------------------------
Blake Wheeler            0  1  1   0  2   5  1  0  0  0  1/3    18:57   3:45   0:27 
Brian Campbell           0  0  0   0  0   2  0  1  0  0  0/0    17:00   3:09   0:06 
Brooks Orpik             0  0  0   0  0   0  5  1  0  0  0/0    13:45   0:00   0:00 
Danny DeKeyser           0  0  0   0  0   1  0  1  0  0  0/0    18:41   0:00   2:10 
David Perron             0  0  0   0  2   1  1  0  0  0  1/1    13:54   0:00   1:20 
Jacob Trouba             1  0  1   0  0   3  2  3  0  0  0/0    26:25   4:40   3:08 
Jesper Fast              0  0  0   0  0   1  0  0  0  0  1/1     9:19   0:00   3:07 
Joe Thornton             0  0  0   0  0   3  0  0  0  0  15/24  19:30   3:45   0:00 
Jori Lehtera             0  0  0   0  0   1  0  0  0  0  3/11   11:59   0:00   0:00 
Justin Braun             0  0  0   0  2   1  1  1  0  0  0/0    21:48   3:09   0:58 
Logan Couture            0  0  0   0  0   3  3  1  0  0  12/27  23:11   4:04   0:50 
Matthew Tkachuk          0  0  0   0  0   0  3  0  0  0  1/1    12:30   0:16   0:15 
Mikkel Boedker           0  0  0   0  0   0  0  0  0  0  0/0     6:12   0:00   0:00 
Nikolaj Ehlers           0  0  0   0  0   3  4  0  0  0  0/0    19:58   3:29   0:00 
Patrick Kane             0  0  0   0  0   2  0  0  0  0  2/3    22:48   4:04   0:00 
Patrik Laine             0  0  0   0  0   4  0  0  0  0  0/0    17:48   4:04   0:00 
T.J. Brodie              0  1  1   0  0   1  2  0  0  0  0/0    27:20   4:40   2:44 
Tanner Kero              0  0  0   0  0   1  0  0  0  0  2/8     9:19   0:00   3:07 

3 Stars

1 - Jonas Gustavsson (DAL)
2 - Jacob Trouba (FLA)
3 - Tyler Gaudet (DAL)

Power Play

Stars - 1 on 3 Attempt(s) - 33.33%
Panthers - 1 on 4 Attempt(s) - 25.00%

Penalty Kill

Stars - 3 on 4 Attempt(s) - 75.00% - Score 0 goal in Penalty Kill
Panthers - 2 on 3 Attempt(s) - 66.67% - Score 0 goal in Penalty Kill

Team Stat

Stars - Hits : 18 - Faceoff Wins : 41 - Blocked Shots : 8 - Penalty Minutes : 8
Panthers - Hits : 22 - Faceoff Wins : 38 - Blocked Shots : 8 - Penalty Minutes : 6

Official

Referees : Dave Lewis and Jon Mclsaac
Linesman : Kiel Murchison and Ryan Galloway

Game Notes

No Game Note

Finance

Level 1 -- Attendance: 6000 (100.00%) -- Ticket Income 642 000 $
Level 2 -- Attendance: 5000 (100.00%) -- Ticket Income 375 000 $
Level 3 -- Attendance: 3478 (99.37%) -- Ticket Income 170 422 $
Level 4 -- Attendance: 3174 (84.64%) -- Ticket Income 69 828 $
Luxury Box -- Attendance: 909 (90.90%) -- Ticket Income 183 618 $
Game was played at the BBT Center.
Total Attendance: 18561 (96.42%)
Total Ticket Income: 1 440 868 $
Other Income: 216 130 $
Total Income: 1 656 998 $

% Time on Ice - Stars

Lines # - Real PCT - Wanted PCT - Time Play
Normal Forward
1 - 28% - 40% - 13:27
2 - 28% - 30% - 13:21
3 - 30% - 20% - 14:12
4 - 14% - 10% - 6:38
Normal Defense
1 - 36% - 40% - 17:00
2 - 33% - 30% - 15:42
3 - 28% - 20% - 13:22
4 - 3% - 10% - 1:34
PP Forward
1 - 59% - 60% - 2:41
2 - 41% - 40% - 1:52
PP Defense
1 - 65% - 60% - 2:58
2 - 35% - 40% - 1:35
PK Forward
1 - 72% - 60% - 5:40
2 - 28% - 40% - 2:09
PK Defense
1 - 61% - 60% - 4:48
2 - 39% - 40% - 3:01
PK3 Forward
1 - 0% - 60%
2 - 0% - 40%
PK3 Defense
1 - 0% - 60%
2 - 0% - 40%
44 Forward
1 - 0% - 60%
2 - 0% - 40%
44 Defense
1 - 0% - 60%
2 - 0% - 40%
Last Minute Offensive  - 0:00
Last Minute Defensive  - 0:00
Total
Forward - 60:00
Defense - 60:00

% Time on Ice - Panthers

Lines # - Real PCT - Wanted PCT - Time Play
Normal Forward
1 - 35% - 40% - 16:29
2 - 27% - 30% - 12:58
3 - 25% - 20% - 11:59
4 - 13% - 10% - 6:12
Normal Defense
1 - 36% - 40% - 16:57
2 - 36% - 37% - 16:56
3 - 29% - 23% - 13:45
4 - 0% - 0% - 0:00
PP Forward
1 - 52% - 60% - 4:04
2 - 48% - 40% - 3:45
PP Defense
1 - 60% - 60% - 4:40
2 - 40% - 40% - 3:09
PK Forward
1 - 74% - 60% - 3:22
2 - 26% - 40% - 1:11
PK Defense
1 - 50% - 60% - 2:17
2 - 50% - 40% - 2:16
PK3 Forward
1 - 0% - 60%
2 - 0% - 40%
PK3 Defense
1 - 0% - 60%
2 - 0% - 40%
44 Forward
1 - 0% - 60%
2 - 0% - 40%
44 Defense
1 - 0% - 60%
2 - 0% - 40%
Last Minute Offensive  - 0:00
Last Minute Defensive  - 0:00
Total
Forward - 60:00
Defense - 60:00

Play by Play

1st period


0:01 of 1st period - Patrick Kane wins face-off versus Sidney Crosby in neutral zone.
0:14 of 1st period - Shot by Nikolaj Ehlers.
0:14 of 1st period - Stopped by Jonas Gustavsson without a rebound.
0:15 of 1st period - Joe Thornton wins face-off versus Paul Stastny in Stars zone.
0:18 of 1st period - Shot by Blake Wheeler.
0:18 of 1st period - Stopped by Jonas Gustavsson with a rebound.
0:44 of 1st period - Shot by Jonathan Huberdeau.
0:44 of 1st period - Stopped by Marc-Andre Fleury without a rebound.
0:45 of 1st period - Devin Shore wins face-off versus Jori Lehtera in Panthers zone.
1:16 of 1st period - Shot by Devin Shore.
1:16 of 1st period - Shot Blocked by Brooks Orpik.
1:18 of 1st period - Shot by Jason Demers.
1:18 of 1st period - Stopped by Marc-Andre Fleury without a rebound.
1:19 of 1st period - Logan Couture wins face-off versus Sidney Crosby in Panthers zone.
1:52 of 1st period - Shot by Jakub Voracek.
1:52 of 1st period - Stopped by Marc-Andre Fleury with a rebound.
1:58 of 1st period - Shot by Paul Byron.
1:58 of 1st period - Stopped by Marc-Andre Fleury without a rebound.
1:59 of 1st period - Paul Stastny wins face-off versus Tanner Kero in Panthers zone.
2:28 of 1st period - Shot by Paul Stastny.
2:28 of 1st period - Shot Misses the Net.
2:54 of 1st period - Shot by Joe Thornton.
2:54 of 1st period - Shot Misses the Net.
3:19 of 1st period - Off-side.
3:20 of 1st period - Logan Couture wins face-off versus Jakub Voracek in neutral zone.
3:31 of 1st period - Shot by Paul Byron.
3:31 of 1st period - Shot Misses the Net.
3:33 of 1st period - Shot by Jakub Voracek.
3:33 of 1st period - Stopped by Marc-Andre Fleury without a rebound.
3:34 of 1st period - Jori Lehtera wins face-off versus Devin Shore in Panthers zone.
4:09 of 1st period - Danny DeKeyser is hit by Tommy Wingels and loses puck.
4:51 of 1st period - Icing by Patrick Kane.
4:52 of 1st period - Sidney Crosby wins face-off versus Logan Couture in Panthers zone.
5:12 of 1st period - Icing by Jacob Trouba.
5:13 of 1st period - Logan Couture wins face-off versus Paul Stastny in Panthers zone.
5:13 of 1st period - Logan Couture is hit by Jonathan Huberdeau.
5:52 of 1st period - Shot by Jonathan Huberdeau.
5:52 of 1st period - Stopped by Marc-Andre Fleury without a rebound.
5:53 of 1st period - Joe Thornton wins face-off versus Devin Shore in Panthers zone.
6:32 of 1st period - Patrik Laine is hit by Brandon Manning and loses puck.
7:38 of 1st period - Tanner Kero is hit by Victor Hedman and loses puck.
8:02 of 1st period - Paul Stastny is hit by T.J. Brodie and loses puck.
8:59 of 1st period - Icing by Brooks Orpik.
9:00 of 1st period - Logan Couture wins face-off versus Sidney Crosby in Panthers zone.
9:07 of 1st period - Shot by Logan Couture.
9:07 of 1st period - Stopped by Jonas Gustavsson without a rebound.
9:08 of 1st period - Joe Thornton wins face-off versus John Mitchell in Stars zone.
9:26 of 1st period - Minor Penalty to Zdeno Chara for Delaying the game.
9:27 of 1st period - Paul Stastny wins face-off versus Logan Couture in Stars zone.
9:52 of 1st period - Shot by Patrick Kane.
9:52 of 1st period - Deflect By Logan Couture.
9:52 of 1st period - Stopped by Jonas Gustavsson with a rebound.
9:54 of 1st period - Shot by Patrick Kane.
9:54 of 1st period - Stopped by Jonas Gustavsson with a rebound.
10:44 of 1st period - Shot by Justin Braun.
10:44 of 1st period - Shot Misses the Net.
10:46 of 1st period - Shot by Brian Campbell.
10:46 of 1st period - Shot Misses the Net.
11:01 of 1st period - Icing by Brian Campbell.
11:02 of 1st period - Joe Thornton wins face-off versus Paul Stastny in Panthers zone.
11:07 of 1st period - Shot by Nikolaj Ehlers.
11:07 of 1st period - Stopped by Jonas Gustavsson with a rebound.
11:29 of 1st period - Shot by David Perron.
11:29 of 1st period - Shot Blocked by Zdeno Chara.
12:47 of 1st period - Shot by Jesper Fast.
12:47 of 1st period - Deflect By Tanner Kero.
12:47 of 1st period - Stopped by Jonas Gustavsson without a rebound.
12:48 of 1st period - Devin Shore wins face-off versus Logan Couture in Stars zone.
12:48 of 1st period - Devin Shore is hit by Nikolaj Ehlers.
12:53 of 1st period - Duncan Keith is hit by Brooks Orpik and loses puck.
13:06 of 1st period - Shot by Patrick Kane.
13:06 of 1st period - Stopped by Jonas Gustavsson without a rebound.
13:07 of 1st period - Joe Thornton wins face-off versus Sidney Crosby in Stars zone.
13:18 of 1st period - Shot by Patrik Laine.
13:18 of 1st period - Stopped by Jonas Gustavsson without a rebound.
13:19 of 1st period - Sidney Crosby wins face-off versus Logan Couture in Stars zone.
13:47 of 1st period - Shot by Joel Vermin.
13:47 of 1st period - Shot Misses the Net.
15:10 of 1st period - Shot by Paul Stastny.
15:10 of 1st period - Shot Hit the Post.
15:49 of 1st period - Minor Penalty to David Perron for High sticking.
15:50 of 1st period - Tanner Kero wins face-off versus Sidney Crosby in Panthers zone.
15:50 of 1st period - Tanner Kero is hit by Sidney Crosby.
16:07 of 1st period - Icing by Duncan Keith.
16:08 of 1st period - Sidney Crosby wins face-off versus Tanner Kero in Stars zone.
16:14 of 1st period - Icing by Victor Hedman.
16:15 of 1st period - Sidney Crosby wins face-off versus Tanner Kero in Stars zone.
16:20 of 1st period - Shot by Victor Hedman.
16:20 of 1st period - Shot Blocked by Jacob Trouba.
16:22 of 1st period - Shot by Tyler Gaudet.
16:22 of 1st period - Shot Blocked by Jacob Trouba.
16:24 of 1st period - Shot by Tyler Gaudet.
16:24 of 1st period - Goal by Tyler Gaudet - Stars : 1 - Panthers : 0.
16:25 of 1st period - Devin Shore wins face-off versus Logan Couture in neutral zone.
16:27 of 1st period - Off-side.
16:28 of 1st period - Sidney Crosby wins face-off versus Logan Couture in neutral zone.
16:37 of 1st period - Shot by Jakub Voracek.
16:37 of 1st period - Shot Misses the Net.
16:39 of 1st period - Shot by Sidney Crosby.
16:39 of 1st period - Shot Misses the Net.
16:55 of 1st period - Shot by Jakub Voracek.
16:55 of 1st period - Shot Misses the Net.
16:57 of 1st period - Shot by Zdeno Chara.
16:57 of 1st period - Stopped by Marc-Andre Fleury without a rebound.
16:58 of 1st period - Joe Thornton wins face-off versus Paul Stastny in Panthers zone.
17:34 of 1st period - Shot by Patrik Laine.
17:34 of 1st period - Shot Misses the Net.
17:36 of 1st period - Shot by Justin Braun.
17:36 of 1st period - Stopped by Jonas Gustavsson without a rebound.
17:37 of 1st period - Sidney Crosby wins face-off versus Logan Couture in Stars zone.
17:37 of 1st period - Sidney Crosby is hit by Nikolaj Ehlers.
17:48 of 1st period - Icing by Jacob Trouba.
17:49 of 1st period - Logan Couture wins face-off versus Devin Shore in Panthers zone.
18:56 of 1st period - Shot by Patrik Laine.
18:56 of 1st period - Shot Misses the Net.
19:00 of 1st period - Shot by Patrik Laine.
19:00 of 1st period - Deflect By Blake Wheeler.
19:00 of 1st period - Shot Blocked by Zdeno Chara.
19:02 of 1st period - Shot by Danny DeKeyser.
19:02 of 1st period - Shot Misses the Net.
19:06 of 1st period - Shot by Patrik Laine.
19:06 of 1st period - Shot Misses the Net.
19:08 of 1st period - Shot by Blake Wheeler.
19:08 of 1st period - Stopped by Jonas Gustavsson without a rebound.
19:09 of 1st period - Sidney Crosby wins face-off versus Jori Lehtera in Stars zone.
19:09 of 1st period - Duncan Keith is hit by David Perron.
19:15 of 1st period - Icing by Brooks Orpik.
19:16 of 1st period - Sidney Crosby wins face-off versus Jori Lehtera in Panthers zone.
19:16 of 1st period - Sidney Crosby is hit by Brooks Orpik.
19:25 of 1st period - Matthew Tkachuk is hit by John Klingberg and loses puck.
19:48 of 1st period - Shot by David Perron.
19:48 of 1st period - Shot Misses the Net.
19:51 of 1st period - Icing by Duncan Keith.
19:52 of 1st period - Sidney Crosby wins face-off versus Logan Couture in Stars zone.
Goals for this period are 1 for Stars vs 0 for Panthers.
Shots for this period are 8 for Stars vs 11 for Panthers.

2nd period


0:01 of 2nd period - Logan Couture wins face-off versus Sidney Crosby in neutral zone.
0:52 of 2nd period - Jonathan Huberdeau is hit by Logan Couture and loses puck.
0:58 of 2nd period - Icing by Duncan Keith.
0:59 of 2nd period - Paul Stastny wins face-off versus Joe Thornton in Stars zone.
1:04 of 2nd period - Danny DeKeyser is hit by William Nylander and loses puck.
1:15 of 2nd period - Shot by Blake Wheeler.
1:15 of 2nd period - Stopped by Jonas Gustavsson without a rebound.
1:16 of 2nd period - Devin Shore wins face-off versus Jori Lehtera in Stars zone.
1:18 of 2nd period - Icing by Jason Demers.
1:19 of 2nd period - Blake Wheeler wins face-off versus Devin Shore in Stars zone.
1:36 of 2nd period - Shot by Blake Wheeler.
1:36 of 2nd period - Deflect By Patrik Laine.
1:36 of 2nd period - Stopped by Jonas Gustavsson with a rebound.
1:43 of 2nd period - Icing by Jason Demers.
1:44 of 2nd period - Devin Shore wins face-off versus Jori Lehtera in Stars zone.
1:53 of 2nd period - Shot by Jason Demers.
1:53 of 2nd period - Stopped by Marc-Andre Fleury without a rebound.
1:54 of 2nd period - Logan Couture wins face-off versus Sidney Crosby in Panthers zone.
2:03 of 2nd period - Victor Hedman is hit by Logan Couture and loses puck.
2:10 of 2nd period - Shot by Logan Couture.
2:10 of 2nd period - Shot Blocked by Zdeno Chara.
2:58 of 2nd period - Shot by Blake Wheeler.
2:58 of 2nd period - Shot Misses the Net.
3:00 of 2nd period - Shot by Patrik Laine.
3:00 of 2nd period - Shot Misses the Net.
3:08 of 2nd period - Shot by Patrik Laine.
3:08 of 2nd period - Shot Misses the Net.
3:10 of 2nd period - Shot by Blake Wheeler.
3:10 of 2nd period - Shot Misses the Net.
3:41 of 2nd period - Icing by Brooks Orpik.
3:42 of 2nd period - Paul Stastny wins face-off versus Jori Lehtera in Panthers zone.
4:10 of 2nd period - Shot by Jori Lehtera.
4:10 of 2nd period - Shot Misses the Net.
4:52 of 2nd period - Shot by Jason Demers.
4:52 of 2nd period - Stopped by Marc-Andre Fleury without a rebound.
4:53 of 2nd period - Logan Couture wins face-off versus John Mitchell in Panthers zone.
5:16 of 2nd period - Shot by Logan Couture.
5:16 of 2nd period - Shot Blocked by Brandon Manning.
6:24 of 2nd period - Shot by Joe Thornton.
6:24 of 2nd period - Stopped by Jonas Gustavsson without a rebound.
6:25 of 2nd period - Paul Stastny wins face-off versus Jori Lehtera in Stars zone.
6:25 of 2nd period - Paul Stastny is hit by Matthew Tkachuk.
7:04 of 2nd period - Icing by Matthew Tkachuk.
7:05 of 2nd period - Devin Shore wins face-off versus Jori Lehtera in Panthers zone.
7:05 of 2nd period - Devin Shore is hit by Brooks Orpik.
7:27 of 2nd period - Icing by Brian Campbell.
7:28 of 2nd period - Jori Lehtera wins face-off versus Sidney Crosby in Panthers zone.
7:28 of 2nd period - Jori Lehtera is hit by Sidney Crosby.
8:27 of 2nd period - Danny DeKeyser is hit by Paul Byron and loses puck.
9:20 of 2nd period - Shot by Blake Wheeler.
9:20 of 2nd period - Shot Misses the Net.
9:48 of 2nd period - Minor Penalty to William Nylander for Elbowing.
9:49 of 2nd period - Logan Couture wins face-off versus Tommy Wingels in Stars zone.
9:49 of 2nd period - Logan Couture is hit by Zdeno Chara.
9:57 of 2nd period - Shot by Logan Couture.
9:57 of 2nd period - Shot Misses the Net.
9:59 of 2nd period - Shot by Brian Campbell.
9:59 of 2nd period - Stopped by Jonas Gustavsson without a rebound.
10:00 of 2nd period - Joe Thornton wins face-off versus Tyler Gaudet in Stars zone.
10:27 of 2nd period - Shot by Jacob Trouba.
10:27 of 2nd period - Stopped by Jonas Gustavsson without a rebound.
10:28 of 2nd period - Patrick Kane wins face-off versus Paul Stastny in Stars zone.
11:38 of 2nd period - Shot by Blake Wheeler.
11:38 of 2nd period - Stopped by Jonas Gustavsson with a rebound.
11:40 of 2nd period - Shot by Jacob Trouba.
11:40 of 2nd period - Goal by Jacob Trouba - Stars : 1 - Panthers : 1.
11:41 of 2nd period - Sidney Crosby wins face-off versus Tanner Kero in neutral zone.
11:43 of 2nd period - Jason Demers is hit by Brooks Orpik and loses puck.
11:52 of 2nd period - Icing by Brooks Orpik.
11:53 of 2nd period - Devin Shore wins face-off versus Tanner Kero in Panthers zone.
12:03 of 2nd period - Devin Shore is hit by Brooks Orpik.
12:21 of 2nd period - Shot by Zdeno Chara.
12:21 of 2nd period - Stopped by Marc-Andre Fleury without a rebound.
12:22 of 2nd period - Logan Couture wins face-off versus Sidney Crosby in Panthers zone.
12:22 of 2nd period - Logan Couture is hit by Sidney Crosby.
12:41 of 2nd period - Minor Penalty to Paul Byron for Holding.
12:42 of 2nd period - Joe Thornton wins face-off versus Paul Stastny in Stars zone.
12:43 of 2nd period - Shot by T.J. Brodie.
12:43 of 2nd period - Shot Hit the Post.
13:14 of 2nd period - Icing by T.J. Brodie.
13:15 of 2nd period - Joe Thornton wins face-off versus Paul Stastny in Panthers zone.
13:44 of 2nd period - John Klingberg is hit by Logan Couture and loses puck.
13:59 of 2nd period - Shot by Patrik Laine.
13:59 of 2nd period - Stopped by Jonas Gustavsson without a rebound.
14:00 of 2nd period - Paul Stastny wins face-off versus Logan Couture in Stars zone.
17:00 of 2nd period - Icing by Patrick Kane.
17:01 of 2nd period - Sidney Crosby wins face-off versus Logan Couture in Panthers zone.
17:05 of 2nd period - Paul Byron is hit by T.J. Brodie and loses puck.
17:10 of 2nd period - Shot by Jakub Voracek.
17:10 of 2nd period - Shot Blocked by Jacob Trouba.
17:12 of 2nd period - Shot by Brandon Manning.
17:12 of 2nd period - Shot Misses the Net.
17:14 of 2nd period - Shot by Paul Byron.
17:14 of 2nd period - Deflect By Sidney Crosby.
17:14 of 2nd period - Shot Misses the Net.
17:16 of 2nd period - Shot by Brandon Manning.
17:16 of 2nd period - Shot Blocked by Logan Couture.
17:28 of 2nd period - Shot by Sidney Crosby.
17:28 of 2nd period - Shot Misses the Net.
17:30 of 2nd period - Shot by Paul Byron.
17:30 of 2nd period - Shot Misses the Net.
17:32 of 2nd period - Shot by Sidney Crosby.
17:32 of 2nd period - Stopped by Marc-Andre Fleury without a rebound.
17:33 of 2nd period - Devin Shore wins face-off versus Joe Thornton in Panthers zone.
18:46 of 2nd period - John Klingberg is hit by Matthew Tkachuk and loses puck.
18:50 of 2nd period - Duncan Keith is hit by Jacob Trouba and loses puck.
19:39 of 2nd period - Shot by William Nylander.
19:39 of 2nd period - Shot Misses the Net.
Goals for this period are 0 for Stars vs 1 for Panthers.
Shots for this period are 4 for Stars vs 8 for Panthers.

3rd period


0:01 of 3rd period - Sidney Crosby wins face-off versus Patrick Kane in neutral zone.
0:31 of 3rd period - Shot by Patrick Kane.
0:31 of 3rd period - Shot Blocked by Zdeno Chara.
0:33 of 3rd period - Shot by Danny DeKeyser.
0:33 of 3rd period - Shot Misses the Net.
0:35 of 3rd period - Shot by Nikolaj Ehlers.
0:35 of 3rd period - Shot Hit the Post.
0:37 of 3rd period - Shot by Danny DeKeyser.
0:37 of 3rd period - Stopped by Jonas Gustavsson without a rebound.
0:38 of 3rd period - Jonathan Huberdeau wins face-off versus Joe Thornton in Stars zone.
0:38 of 3rd period - Jonathan Huberdeau is hit by Blake Wheeler.
0:45 of 3rd period - Minor Penalty to Blake Wheeler for Tripping.
0:46 of 3rd period - Jakub Voracek wins face-off versus Tanner Kero in Panthers zone.
1:19 of 3rd period - Shot by Victor Hedman.
1:19 of 3rd period - Shot Blocked by Justin Braun.
2:49 of 3rd period - Off-side.
2:50 of 3rd period - Joe Thornton wins face-off versus Devin Shore in neutral zone.
2:53 of 3rd period - Shot by Patrik Laine.
2:53 of 3rd period - Stopped by Jonas Gustavsson without a rebound.
2:54 of 3rd period - Devin Shore wins face-off versus Joe Thornton in Stars zone.
3:01 of 3rd period - Shot by Patrik Laine.
3:01 of 3rd period - Shot Blocked by Brandon Manning.
3:03 of 3rd period - Shot by Brian Campbell.
3:03 of 3rd period - Stopped by Jonas Gustavsson without a rebound.
3:04 of 3rd period - Devin Shore wins face-off versus Logan Couture in Stars zone.
3:04 of 3rd period - Devin Shore is hit by Nikolaj Ehlers.
3:09 of 3rd period - Jason Demers is hit by Justin Braun and loses puck.
3:31 of 3rd period - Nikolaj Ehlers is hit by Jason Demers and loses puck.
3:32 of 3rd period - Minor Penalty to Brandon Manning for Slashing.
3:33 of 3rd period - Paul Stastny wins face-off versus Joe Thornton in Stars zone.
5:11 of 3rd period - Zdeno Chara is hit by Matthew Tkachuk and loses puck.
5:16 of 3rd period - Shot by Jacob Trouba.
5:16 of 3rd period - Stopped by Jonas Gustavsson without a rebound.
5:17 of 3rd period - Logan Couture wins face-off versus Tommy Wingels in Stars zone.
6:00 of 3rd period - Shot by Jesper Fast.
6:00 of 3rd period - Stopped by Jonas Gustavsson with a rebound.
6:28 of 3rd period - Shot by Devin Shore.
6:28 of 3rd period - Shot Misses the Net.
6:33 of 3rd period - Matthew Tkachuk is hit by John Mitchell.
6:41 of 3rd period - Shot by Jori Lehtera.
6:41 of 3rd period - Stopped by Jonas Gustavsson without a rebound.
6:42 of 3rd period - Joe Thornton wins face-off versus Sidney Crosby in Stars zone.
6:42 of 3rd period - Joe Thornton is hit by John Klingberg.
6:47 of 3rd period - Shot by Patrik Laine.
6:47 of 3rd period - Shot Blocked by Duncan Keith.
6:49 of 3rd period - Shot by T.J. Brodie.
6:49 of 3rd period - Shot Misses the Net.
7:09 of 3rd period - Shot by Joe Thornton.
7:09 of 3rd period - Deflect By Blake Wheeler.
7:09 of 3rd period - Stopped by Jonas Gustavsson without a rebound.
7:10 of 3rd period - Logan Couture wins face-off versus Paul Stastny in Stars zone.
7:47 of 3rd period - Shot by William Nylander.
7:47 of 3rd period - Shot Misses the Net.
8:08 of 3rd period - John Klingberg is hit by Jacob Trouba.
8:22 of 3rd period - Shot by Joe Thornton.
8:22 of 3rd period - Stopped by Jonas Gustavsson without a rebound.
8:23 of 3rd period - Jori Lehtera wins face-off versus Sidney Crosby in Stars zone.
8:28 of 3rd period - Shot by David Perron.
8:28 of 3rd period - Stopped by Jonas Gustavsson without a rebound.
8:29 of 3rd period - Matthew Tkachuk wins face-off versus Sidney Crosby in Stars zone.
8:54 of 3rd period - Shot by Jori Lehtera.
8:54 of 3rd period - Shot Misses the Net.
9:18 of 3rd period - Jacob Trouba is hit by Paul Byron and loses puck.
10:23 of 3rd period - Shot by Logan Couture.
10:23 of 3rd period - Shot Misses the Net.
10:45 of 3rd period - Shot by Devin Shore.
10:45 of 3rd period - Shot Blocked by Brian Campbell.
11:43 of 3rd period - Minor Penalty to Justin Braun for Goalie Interference.
11:44 of 3rd period - Tanner Kero wins face-off versus Paul Stastny in Panthers zone.
12:05 of 3rd period - Shot by Victor Hedman.
12:05 of 3rd period - Shot Blocked by Danny DeKeyser.
12:07 of 3rd period - Shot by Paul Byron.
12:07 of 3rd period - Stopped by Marc-Andre Fleury without a rebound.
12:08 of 3rd period - Jesper Fast wins face-off versus Sidney Crosby in Panthers zone.
12:24 of 3rd period - T.J. Brodie is hit by Jakub Voracek and loses puck.
12:37 of 3rd period - T.J. Brodie is hit by Jonathan Huberdeau and loses puck.
12:50 of 3rd period - Shot by David Perron.
12:50 of 3rd period - Shot Misses the Net.
13:03 of 3rd period - Off-side.
13:04 of 3rd period - David Perron wins face-off versus Paul Stastny in neutral zone.
13:53 of 3rd period - Icing by Blake Wheeler.
13:54 of 3rd period - Joe Thornton wins face-off versus Devin Shore in Panthers zone.
14:07 of 3rd period - Shot by Devin Shore.
14:07 of 3rd period - Stopped by Marc-Andre Fleury without a rebound.
14:08 of 3rd period - Sidney Crosby wins face-off versus Logan Couture in Panthers zone.
14:21 of 3rd period - Shot by Nikolaj Ehlers.
14:21 of 3rd period - Stopped by Jonas Gustavsson without a rebound.
14:22 of 3rd period - Joe Thornton wins face-off versus Devin Shore in Stars zone.
14:25 of 3rd period - Shot by Blake Wheeler.
14:25 of 3rd period - Shot Blocked by Victor Hedman.
14:30 of 3rd period - Icing by Victor Hedman.
14:31 of 3rd period - Devin Shore wins face-off versus Logan Couture in Stars zone.
14:31 of 3rd period - Devin Shore is hit by Nikolaj Ehlers.
14:57 of 3rd period - Shot by Patrick Kane.
14:57 of 3rd period - Deflect By Nikolaj Ehlers.
14:57 of 3rd period - Shot Misses the Net.
15:24 of 3rd period - Off-side.
15:25 of 3rd period - Sidney Crosby wins face-off versus Joe Thornton in neutral zone.
15:42 of 3rd period - Patrik Laine is hit by Paul Byron and loses puck.
16:04 of 3rd period - Icing by Patrik Laine.
16:05 of 3rd period - Paul Stastny wins face-off versus Joe Thornton in Panthers zone.
18:18 of 3rd period - Icing by Duncan Keith.
18:19 of 3rd period - John Mitchell wins face-off versus Joe Thornton in Stars zone.
18:50 of 3rd period - Shot by Patrik Laine.
18:50 of 3rd period - Shot Misses the Net.
19:38 of 3rd period - Shot by Jonathan Huberdeau.
19:38 of 3rd period - Stopped by Marc-Andre Fleury without a rebound.
19:39 of 3rd period - Sidney Crosby wins face-off versus Logan Couture in Panthers zone.
19:43 of 3rd period - Icing by Brian Campbell.
19:44 of 3rd period - Sidney Crosby wins face-off versus Logan Couture in Panthers zone.
Goals for this period are 0 for Stars vs 0 for Panthers.
Shots for this period are 3 for Stars vs 10 for Panthers.

Overtime #1


0:01 of 1st overtime period - Joe Thornton wins face-off versus Sidney Crosby in neutral zone.
0:10 of 1st overtime period - Shot by Joe Thornton.
0:10 of 1st overtime period - Stopped by Jonas Gustavsson without a rebound.
0:11 of 1st overtime period - Joe Thornton wins face-off versus William Nylander in Stars zone.
1:02 of 1st overtime period - Icing by Victor Hedman.
1:03 of 1st overtime period - William Nylander wins face-off versus Blake Wheeler in Stars zone.
2:06 of 1st overtime period - Shot by Patrick Kane.
2:06 of 1st overtime period - Shot Misses the Net.
3:02 of 1st overtime period - Shot by T.J. Brodie.
3:02 of 1st overtime period - Stopped by Jonas Gustavsson without a rebound.
3:03 of 1st overtime period - William Nylander wins face-off versus Blake Wheeler in Stars zone.
3:22 of 1st overtime period - Shot by William Nylander.
3:22 of 1st overtime period - Shot Misses the Net.
3:37 of 1st overtime period - Icing by William Nylander.
3:38 of 1st overtime period - William Nylander wins face-off versus Joe Thornton in Stars zone.
4:02 of 1st overtime period - Shot by Logan Couture.
4:02 of 1st overtime period - Stopped by Jonas Gustavsson with a rebound.
Goals for this period are 0 for Stars vs 0 for Panthers.
Shots for this period are 0 for Stars vs 3 for Panthers.

ShootOut


5:00 of 1st overtime period - Penalty Shot by Sidney Crosby for Stars.
5:00 of 1st overtime period - Goal by Sidney Crosby.
5:00 of 1st overtime period - Penalty Shot by Patrik Laine for Panthers.
5:00 of 1st overtime period - Shot Misses the Net.
5:00 of 1st overtime period - Penalty Shot by Jakub Voracek for Stars.
5:00 of 1st overtime period - Goal by Jakub Voracek.
5:00 of 1st overtime period - Penalty Shot by Logan Couture for Panthers.
5:00 of 1st overtime period - Stopped by Jonas Gustavsson.